AoeStats
← MattAtArms

Arabian Desert

517999301Analyzed
1v1 RM · 4d ago on Nov 1, 2026· 39m 47s· 2 players
Game mode
Random Map
Map size
Tiny (2 player)
Population
200
Speed
Normal
Resources
Standard
Victory
Conquest
Starting age
Dark Age
Ending age
Imperial Age
RankedLock teamsTeams togetherTeam positionsShared explorationLock speedFull tech treeHidden civsTurbo modeCheats
Victory
Defeat
🇬🇧 Slavs · United Kingdom
1917
+14
vs
🇨🇱 Sicilians · Chile
1870
-14
Dkastro
6:42 Loom
8:52 Feudal Age
9:01 Man-at-Arms
15:22 Double-Bit Axe
16:11 Fletching
16:31 Town Watch
19:05 Padded Archer Armor
22:56 Castle Age
22:59 Crossbowman
23:35 Bodkin Arrow
23:54 Gold Mining
24:24 Bow Saw
31:01 Ballistics
31:53 Elite Skirmisher
34:58 Horse Collar
38:51 Wheelbarrow
40:52 Imperial Age
38:34 Stone Mining
39:20 Gold Shaft Mining
38:09 Pikeman
38:49 Squires
39:19 Scale Mail Armor
39:30 Forging
MattAtArms
6:03 Loom
9:11 Feudal Age
9:19 Man-at-Arms
9:45 Double-Bit Axe
15:55 Fletching
20:43 Castle Age
21:08 Castle Age
19:02 Horse Collar
19:59 Padded Archer Armor
19:52 Gold Mining
20:30 Padded Archer Armor
21:27 Crossbowman
22:04 Bodkin Arrow
22:21 Bow Saw
24:48 Wheelbarrow
30:52 Town Watch
34:18 Heavy Plow
34:57 Gold Shaft Mining
34:12 Stone Mining
34:42 Leather Archer Armor
37:29 Imperial Age
35:35 Hand Cart
35:33 Scale Barding Armor
36:36 Chain Barding Armor
36:42 Bloodlines
37:28 Forging
38:48 Plate Barding Armor
37:51 Cavalier
Connection lost

Rejoining the realm…

Still unreachable

The connection could not be restored.

Session expired

The server has moved on; the page needs a fresh start.